cohdb
Replays
Latest Replays
All Replays
Popular Replays
Top Player Replays
Match Explorer
How It Works
Community
CoH3 Stats
Reddit
Sign in to upload your games and track your stats! →
Sign in with Steam
Match 42435311
Unlisted
Match 42435311
Overview
Messages
Build Orders
End
Kradschützen Motorcycle Team
Selects Panzerjäger Kommand Battlegroup
Selects Mine Fields
Panzergrenadier Squad
Construct Light Support Kompanie
Panzergrenadier Squad
Assault Grenadier Squad
Selects Tank Busters
2.5-tonne Medical Truck
Fire Support Elements
Panzerjäger Mechanized Group
Selects Defensive Positions
MG34 Team
Selects Butterfly Bomb Drop
Butterfly Bomb Drop
Panzerpioneer Squad
Construct Panzerarmee Kommand
MG34 Team
le.IG 18 Mechanized Group
Flakvierling Half-track
Butterfly Bomb Drop
Panzerjäger Squad
Selects Crew Shock Tactics
Walking Stuka Rocket Launcher
Pak 38 Mechanized Group
Butterfly Bomb Drop
Panzerjäger Squad
Big Steppa#Stomped
belisarius
Pat216
-Caso-
STALKER4732
Felid
Noch
Dabrow$ki
0
0
Comments
sign in to comment!
No comments posted yet!